[Event "Titled Tuesday Blitz February 14 Early 2023"]
[White "rikchessmx"]
[Black "Eynullayev, Atilla"]
[BlackFideId "13413570"]
[WhiteElo "2312"]
[BlackElo "2281"]
[Result "1-0"]
[Round "08"]
[TimeControl "180+2"]
[Date "2023.02.14"]
[WhiteClock "0:02:42"]
[BlackClock "0:02:12"]

1. e4 c5 2. Nf3 d6 3. d4 cxd4 4. Nxd4 Nf6 5. Nc3 a6 6. f4 e5 7. Nf3 Nbd7 8. Bd3 Be7 9. O-O O-O 10. Kh1 b5 11. a3 Bb7 12. Qe1 Rc8 13. fxe5 dxe5 14. Bg5 b4 15. axb4 Bxb4 16. Qh4 Be7 17. Nd5 Bxd5 18. exd5 h6 19. Bxh6 gxh6 20. Qxh6 e4 21. Ng5 exd3 22. Ra4 1-0


[Site "https://www.chess.com"]

[Event "Titled Tuesday Blitz February 14 Early 2023"]
[White "Nguyen Hong Nhung"]
[Black "Gharamian, Tigran"]
[WhiteFideId "12412201"]
[BlackFideId "13301527"]
[WhiteElo "2003"]
[BlackElo "2601"]
[Result "1-0"]
[Round "08"]
[TimeControl "180+2"]
[Date "2023.02.14"]
[WhiteClock "0:00:41"]
[BlackClock "0:00:02"]

1. e4 c6 2. d4 d5 3. Nc3 dxe4 4. Nxe4 Nf6 5. Nxf6+ exf6 6. c3 Bd6 7. Bd3 O-O 8. Qc2 Re8+ 9. Ne2 h5 10. Be3 h4 11. O-O-O Be6 12. Kb1 Qa5 13. Nc1 Nd7 14. Rde1 Rac8 15. f4 f5 16. Bf2 Bxf4 17. Nb3 Qa4 18. Bxf5 Nf8 19. Bxh4 c5 20. Bxe6 Rxe6 21. Nxc5 Rxe1+ 22. Rxe1 Qc6 23. g3 Bd6 24. Nd3 Ne6 25. g4 Nxd4 26. Qf2 Nf3 27. Rf1 Nxh4 28. Qxf7+ Kh7 29. Qh5+ Kg8 30. Qxh4 Qe4 31. Rd1 Be7 32. Qe1 Rc4 33. Qxe4 Rxe4 34. h3 Re3 35. Nf4 Bg5 36. Ng6 Rxh3 37. Rd7 Kh7 38. Nf8+ Kg8 39. Ne6 Be3 40. Rxg7+ Kh8 41. Rxb7 Rh6 42. Rb8+ Kh7 43. Nf8+ Kg7 44. Nd7 Rd6 45. Rb7 Kg6 46. Kc2 Kg5 47. Ne5 Bf4 48. Nc4 Rc6 49. Kd3 Kxg4 50. Rxa7 1-0


[Site "https://www.chess.com"]

[Event "Titled Tuesday Blitz February 14 Early 2023"]
[White "Dragomirescu, Angela"]
[Black "Smith, Garrett L"]
[WhiteFideId "1209914"]
[BlackFideId "2024829"]
[WhiteElo "2130"]
[BlackElo "2047"]
[Result "1-0"]
[Round "08"]
[TimeControl "180+2"]
[Date "2023.02.14"]
[WhiteClock "0:01:41"]
[BlackClock "0:00:34"]

1. e4 c5 2. Nf3 Nc6 3. Bb5 e6 4. O-O Nge7 5. Re1 a6 6. Bxc6 Nxc6 7. d4 cxd4 8. Nxd4 Qc7 9. Nxc6 bxc6 10. e5 Be7 11. Qg4 g6 12. Nc3 d5 13. exd6 Qxd6 14. Bf4 Qb4 15. Qf3 O-O 16. Rad1 a5 17. Ne4 Qxb2 18. c3 Qb5 19. Bh6 Qf5 20. Bxf8 Qxf3 21. Bxe7 Qxd1 22. Rxd1 1-0


[Site "https://www.chess.com"]

[Event "Titled Tuesday Blitz February 14 Early 2023"]
[White "Andreev, Konstantin"]
[Black "Smietanska, Wiktoria"]
[WhiteFideId "24239305"]
[BlackFideId "21869359"]
[WhiteElo "2195"]
[BlackElo "1936"]
[Result "1-0"]
[Round "08"]
[TimeControl "180+2"]
[Date "2023.02.14"]
[WhiteClock "0:00:58"]
[BlackClock "0:00:01"]

1. e4 c5 2. Nf3 d6 3. d4 cxd4 4. Nxd4 Nf6 5. Nc3 a6 6. h4 e5 7. Nb3 Be6 8. f4 Be7 9. f5 Bd7 10. g4 Bc6 11. Bg2 b5 12. g5 Nfd7 13. Be3 f6 14. Qh5+ Kf8 15. O-O-O b4 16. Nd5 a5 17. Kb1 a4 18. Nc1 a3 19. b3 Bxd5 20. Rxd5 Qc7 21. Ne2 Na6 22. Rhd1 Rc8 23. R5d2 Qc6 24. g6 h6 25. Qf3 Nc7 26. c4 bxc3 27. Rc2 Nb5 28. Rdc1 Nb6 29. Bf2 Qb7 30. Ka1 Nc4 31. bxc4 Nd4 32. Nxd4 exd4 33. Rb1 Qa7 34. Rxc3 d5 35. cxd5 Rxc3 36. Qxc3 1-0


[Site "https://www.chess.com"]

[Event "Titled Tuesday Blitz February 14 Early 2023"]
[White "Lesbekova, Assel"]
[Black "Balabayeva, Xeniya"]
[WhiteFideId "13713248"]
[BlackFideId "13719688"]
[WhiteElo "1772"]
[BlackElo "2191"]
[Result "1-0"]
[Round "08"]
[TimeControl "180+2"]
[Date "2023.02.14"]
[WhiteClock "0:00:04"]
[BlackClock "0:00:01"]

1. e4 c6 2. d4 d5 3. Nd2 dxe4 4. Nxe4 Nf6 5. Ng3 h5 6. h4 Bg4 7. Be2 e6 8. Bg5 Bxe2 9. N1xe2 Be7 10. Qd2 Nbd7 11. Nf4 Qb6 12. O-O-O g6 13. c3 O-O-O 14. Qe2 Rhe8 15. Nd3 Qa6 16. Kb1 Nd5 17. Bxe7 Rxe7 18. Ne4 N7b6 19. Qc2 Nc4 20. Nec5 Qb5 21. Ka1 Nd6 22. b3 Qa5 23. c4 Nf6 24. b4 Qc7 25. Ne5 Nf5 26. Qb2 Ng4 27. Nxg4 hxg4 28. g3 Kb8 29. Rd2 Ree8 30. Rhd1 Nd6 31. Qb3 Ka8 32. Rc2 b6 33. Nd3 Nf5 34. Rcd2 Rxd4 35. Nc1 Rxd2 36. Rxd2 Rd8 37. Qb2 Rxd2 38. Qxd2 Kb7 39. Qc3 Qd6 40. Nd3 Qd4 41. Qxd4 Nxd4 42. Ne5 Nc2+ 43. Kb1 Nxb4 44. Nxf7 Nd3 45. Nh8 Nxf2 46. Nxg6 Ne4 47. Ne5 Nxg3 48. Nxg4 Nf5 49. h5 Kc7 50. h6 Ne7 51. Ne5 1-0


[Site "https://www.chess.com"]

[Event "Titled Tuesday Blitz February 14 Early 2023"]
[White "Womacka, Mathias"]
[Black "Thiel, Thomas"]
[WhiteFideId "4611390"]
[BlackFideId "4615964"]
[WhiteElo "2396"]
[BlackElo "2234"]
[Result "1-0"]
[Round "08"]
[TimeControl "180+2"]
[Date "2023.02.14"]
[WhiteClock "0:00:42"]
[BlackClock "0:00:05"]

1. e4 d5 2. exd5 Nf6 3. Nf3 Nxd5 4. d4 g6 5. Bc4 Bg7 6. O-O O-O 7. Re1 Nc6 8. c3 e5 9. dxe5 Nb6 10. Qxd8 Rxd8 11. Bb3 Re8 12. Bf4 Bg4 13. Nbd2 Nd7 14. Ba4 Ne7 15. h3 Be6 16. Ng5 c6 17. Nxe6 fxe6 18. Nf3 Nc5 19. Bc2 Nd5 20. Bg5 h6 21. Bd2 g5 22. c4 Ne7 23. Bb4 Nd7 24. Rad1 Rad8 25. Bd6 Nc8 26. c5 Nxd6 27. cxd6 Rf8 28. Bb3 Rde8 29. Nd4 Nc5 30. d7 Re7 31. Nxc6 bxc6 32. d8=Q Rxd8 33. Rxd8+ Kf7 34. Rc1 Nxb3 35. axb3 Bxe5 36. Rxc6 Bxb2 37. Rcd6 Be5 38. R6d7 Bc7 39. Rxe7+ Kxe7 40. Rh8 1-0


[Site "https://www.chess.com"]

[Event "Titled Tuesday Blitz February 14 Early 2023"]
[White "Tymrakiewicz, Rafal"]
[Black "De Souza, Cristiano Gomes"]
[WhiteFideId "1108832"]
[BlackFideId "2151758"]
[WhiteElo "2144"]
[BlackElo "2018"]
[Result "1-0"]
[Round "08"]
[TimeControl "180+2"]
[Date "2023.02.14"]
[WhiteClock "0:01:46"]
[BlackClock "0:01:45"]

1. e4 c5 2. d4 cxd4 3. c3 dxc3 4. Nxc3 Nc6 5. Nf3 e6 6. Bc4 a6 7. O-O Nge7 8. Bg5 f6 9. Be3 Ng6 10. Bb3 Bb4 11. Rc1 O-O 12. Nd4 Qe7 13. Nf5 Qf7 14. Nd6 Qe7 15. Nf5 Qf7 16. f4 b5 17. Nd6 Qe7 18. Nf5 Qf7 19. a3 Bxc3 20. Rxc3 Rb8 21. Bc5 Rd8 22. Nd6 1-0


[Site "https://www.chess.com"]

[Event "Titled Tuesday Blitz February 14 Early 2023"]
[White "Goltseva, Ekaterina"]
[Black "Torres Dominguez, David"]
[WhiteFideId "24173770"]
[BlackFideId "2220857"]
[WhiteElo "2283"]
[BlackElo "1994"]
[Result "0-1"]
[Round "08"]
[TimeControl "180+2"]
[Date "2023.02.14"]
[WhiteClock "0:00:10"]
[BlackClock "0:00:19"]

1. e4 Nc6 2. Nf3 e5 3. Bb5 Nge7 4. O-O g6 5. c3 Bg7 6. d4 O-O 7. d5 a6 8. Ba4 Na7 9. d6 cxd6 10. Qxd6 Nb5 11. Bxb5 axb5 12. Na3 Ra6 13. Qd3 d5 14. Nxb5 f5 15. exd5 e4 16. Qc4 Qxd5 17. Qxd5+ Nxd5 18. Nfd4 Bd7 19. Rd1 Nf6 20. Bf4 Nd5 21. Bd6 Rc8 22. Ba3 Nf4 23. Nd6 Rb8 24. Nb3 Bc6 25. Nc5 Rxa3 26. bxa3 Ne2+ 27. Kh1 Nxc3 28. Re1 Bd5 29. Rac1 Nxa2 30. Rc2 Nc3 31. Rec1 b6 32. Na6 Rd8 33. Rxc3 Bxc3 34. Rxc3 Rxd6 35. h4 Rc6 36. Rxc6 Bxc6 37. Nb4 Bb7 38. Kh2 Kf7 39. Kg3 Ke6 40. Kf4 h6 41. Nc2 Kf6 42. Ne3 g5+ 43. hxg5+ hxg5+ 44. Kg3 f4+ 45. Kg4 fxe3 46. fxe3 Bc6 47. Kh5 Bd7 48. g4 Be6 49. Kh6 Bxg4 50. Kh7 Bd7 51. Kh6 g4 52. Kh7 g3 53. Kh6 g2 54. Kh7 g1=Q 55. Kh6 Qg6# 0-1


[Site "https://www.chess.com"]

[Event "Titled Tuesday Blitz February 14 Early 2023"]
[White "Goncalves, Davi Sulzbacher"]
[Black "Kiseleva, Arina"]
[WhiteFideId "2154510"]
[BlackFideId "4164989"]
[WhiteElo "2282"]
[BlackElo "1962"]
[Result "1-0"]
[Round "08"]
[TimeControl "180+2"]
[Date "2023.02.14"]
[WhiteClock "0:02:09"]
[BlackClock "0:01:03"]

1. Nf3 d5 2. d4 Nf6 3. Bg5 Ne4 4. Bh4 c6 5. e3 Qb6 6. Nbd2 Qxb2 7. Nxe4 dxe4 8. Nd2 Qc3 9. Be2 Bf5 10. O-O e6 11. Rb1 b6 12. Nc4 g5 13. Bg3 b5 14. Rb3 Qxb3 15. cxb3 bxc4 16. bxc4 Nd7 17. Qa4 Rc8 18. Qa6 Rd8 19. Bc7 Nb8 20. Qb7 1-0


[Site "https://www.chess.com"]

[Event "Titled Tuesday Blitz February 14 Early 2023"]
[White "Barrera Rincones, Josmar Joel"]
[Black "Fernandez Garcia, Gumersindo"]
[WhiteFideId "3975487"]
[BlackFideId "24516740"]
[WhiteElo "1399"]
[BlackElo "2160"]
[Result "1-0"]
[Round "08"]
[TimeControl "180+2"]
[Date "2023.02.14"]
[WhiteClock "0:00:18"]
[BlackClock "0:00:02"]

1. d4 Nf6 2. c4 e6 3. Nc3 Bb4 4. Qc2 O-O 5. e4 d6 6. Nf3 Nc6 7. e5 dxe5 8. dxe5 Ng4 9. Bf4 Nd4 10. Qe4 Bxc3+ 11. bxc3 Nxf3+ 12. Qxf3 Nh6 13. Bd3 f5 14. Bxh6 gxh6 15. Rd1 Qg5 16. O-O Rb8 17. c5 Bd7 18. Bc4 Bc6 19. Bxe6+ Kh8 20. Qg3 f4 21. Qxg5 hxg5 22. Bd5 Bxd5 23. Rxd5 Rf7 24. e6 Re7 25. Rxg5 Rxe6 26. Rf5 Rc6 27. Rd1 Kg7 28. Rdd5 Re8 29. h4 Re4 30. h5 Re1+ 31. Kh2 Re4 32. Rd7+ Kh6 33. Kh3 f3 34. g4 Rc4 35. Rdd5 Rxc3 36. Kh4 Kg7 37. Rd7+ Kg8 38. Rg5+ Kf8 39. Rgg7 R3xc5 40. Rxh7 Ke8 41. Rdg7 Rf6 42. Rxc7 Rxc7 43. Rxc7 Ra6 44. Rxb7 Rxa2 45. h6 Rxf2 46. Kg3 Rg2+ 47. Kxf3 Rh2 48. g5 Kf8 49. Rxa7 Kg8 50. Kg4 Rg2+ 51. Kh5 Rf2 52. Kg6 Rf8 53. Rg7+ Kh8 54. Rf7 Rg8+ 55. Kh5 Rb8 56. Rf5 Kg8 57. g6 Kh8 58. h7 Kg7 59. Rf7+ Kh8 60. Kh6 Rb7 61. g7# 1-0


[Site "https://www.chess.com"]

[Event "Titled Tuesday Blitz February 14 Early 2023"]
[White "Fernandez, Michael"]
[Black "Davalos Prieto, Abel Justo"]
[WhiteFideId "5803560"]
[BlackFideId "5102766"]
[WhiteElo "2181"]
[BlackElo "2029"]
[Result "1/2-1/2"]
[Round "08"]
[TimeControl "180+2"]
[Date "2023.02.14"]
[WhiteClock "0:00:10"]
[BlackClock "0:00:04"]

1. d4 Nf6 2. Nf3 d5 3. c4 e6 4. Nc3 Be7 5. cxd5 exd5 6. Bg5 O-O 7. e3 c6 8. Qc2 Nbd7 9. Bd3 Re8 10. O-O Ne4 11. Bxe4 dxe4 12. Nxe4 Bxg5 13. Nexg5 Nf6 14. Ne5 Re7 15. Qb3 Qd5 16. Qxd5 Nxd5 17. Ngf3 f6 18. Nc4 Bg4 19. Ncd2 Rd8 20. a3 a5 21. Rac1 Kf7 22. Nb3 a4 23. Nc5 Nb6 24. Nd2 Be2 25. Rfe1 Bb5 26. Nce4 Bd3 27. Nc3 Ra8 28. f4 Nc4 29. Nxc4 Bxc4 30. Kf2 Bb3 31. Re2 Rd8 32. Rd2 Rde8 33. Re1 f5 34. h3 Kf6 35. g4 g6 36. g5+ Kf7 37. h4 Rd8 38. Kf3 c5 39. d5 Red7 40. e4 fxe4+ 41. Rxe4 Bxd5 42. Rxd5 Rxd5 43. Nxd5 Rxd5 44. Rxa4 Rd3+ 45. Ke4 Rb3 46. Rc4 b6 47. a4 Rxb2 48. a5 bxa5 49. Rxc5 a4 50. Ra5 Rb4+ 51. Kf3 Ke6 52. Kg4 Kd6 53. Ra7 Kc5 54. Rc7+ Kb5 55. Rxh7 a3 56. Rb7+ Kc4 57. Ra7 Kb3 58. h5 gxh5+ 59. Kxh5 Rxf4 60. g6 Rf2 61. Rb7+ Ka2 62. g7 Rh2+ 63. Kg6 Rg2+ 64. Kf7 Rxg7+ 65. Kxg7 Ka1 66. Kf6 a2 67. Ke5 1/2-1/2


[Site "https://www.chess.com"]

[Event "Titled Tuesday Blitz February 14 Early 2023"]
[White "EREBUNI91"]
[Black "Pourkashiyan, Atousa"]
[BlackFideId "12502014"]
[WhiteElo "2719"]
[BlackElo "2282"]
[Result "1-0"]
[Round "08"]
[TimeControl "180+2"]
[Date "2023.02.14"]
[WhiteClock "0:00:26"]
[BlackClock "0:00:01"]

1. e4 c5 2. Nc3 e6 3. Nf3 a6 4. g3 b5 5. d4 cxd4 6. Nxd4 Bb7 7. Bg2 b4 8. Na4 Nf6 9. Qe2 Nc6 10. Nb3 d6 11. O-O Be7 12. Rd1 Qc7 13. Be3 Nd7 14. c3 a5 15. Rac1 O-O 16. Nd4 Ba6 17. Qd2 Nc5 18. Nxc5 dxc5 19. Nxc6 Qxc6 20. e5 Qb6 21. Bxa8 Rxa8 22. Qd7 Bf8 23. c4 Bb7 24. Rd2 Rd8 25. Qxb7 Qxb7 26. Rxd8 Qc7 27. Rcd1 h5 28. Ra8 Qxe5 29. Rdd8 Qxb2 30. Rxf8+ Kh7 31. Rxf7 Qxa2 32. Raa7 1-0


[Site "https://www.chess.com"]

[Event "Titled Tuesday Blitz February 14 Early 2023"]
[White "Janaszak, Dawid"]
[Black "Kalajzic, Ivan"]
[WhiteFideId "1119206"]
[BlackFideId "14506378"]
[WhiteElo "2316"]
[BlackElo "2062"]
[Result "1-0"]
[Round "08"]
[TimeControl "180+2"]
[Date "2023.02.14"]
[WhiteClock "0:01:26"]
[BlackClock "0:00:06"]

1. e4 Nc6 2. Nf3 d6 3. Bc4 Nf6 4. d3 Bg4 5. h3 Bxf3 6. gxf3 e6 7. Nc3 d5 8. Bb5 a6 9. Bxc6+ bxc6 10. Bd2 Bc5 11. Qe2 Qe7 12. O-O-O a5 13. Rhg1 Rg8 14. Bg5 h6 15. Bxf6 Qxf6 16. exd5 Bd4 17. dxe6 Bxc3 18. bxc3 Qxc3 19. Rde1 f5 20. e7 Rb8 21. Qe6 Rh8 22. Qg6+ Kd7 23. Qxf5+ Kd6 24. Rg6+ 1-0


[Site "https://www.chess.com"]

[Event "Titled Tuesday Blitz February 14 Early 2023"]
[White "Liu, Casper"]
[Black "Ladan, Nicholas"]
[WhiteFideId "1454153"]
[BlackFideId "30918855"]
[WhiteElo "2278"]
[BlackElo "2228"]
[Result "0-1"]
[Round "08"]
[TimeControl "180+2"]
[Date "2023.02.14"]
[WhiteClock "0:01:06"]
[BlackClock "0:01:35"]

1. d4 d5 2. c4 c6 3. Nc3 Nf6 4. Nf3 e6 5. cxd5 exd5 6. Bg5 Be7 7. e3 Nh5 8. Bxe7 Qxe7 9. Ne5 g6 10. Bd3 Nd7 11. f4 f6 12. Nxg6 Qxe3+ 13. Kf1 Nxf4 14. Nxh8 Nxd3 15. Qh5+ Kd8 16. Nf7+ Kc7 17. Qf5 N7e5 18. Qxf6 Nc4 19. g3 Bh3# 0-1


[Site "https://www.chess.com"]

[Event "Titled Tuesday Blitz February 14 Early 2023"]
[White "I_KID_you_not"]
[Black "Orzech, Dominik"]
[BlackFideId "1115065"]
[WhiteElo "2323"]
[BlackElo "2308"]
[Result "0-1"]
[Round "08"]
[TimeControl "180+2"]
[Date "2023.02.14"]
[WhiteClock "0:00:46"]
[BlackClock "0:00:39"]

1. e4 c6 2. d4 d5 3. exd5 cxd5 4. Bd3 Nc6 5. c3 Qc7 6. Ne2 Bg4 7. O-O Nf6 8. Qe1 e6 9. Bg5 Bd6 10. f3 Bh5 11. Qh4 Bg6 12. Bxg6 fxg6 13. Bxf6 gxf6 14. Qxf6 Bxh2+ 15. Kh1 Kd7 16. f4 Raf8 17. Qg7+ Ne7 18. Kxh2 Kc8 19. Qe5 Qd7 20. Nd2 Nf5 21. Nf3 h6 22. Ng3 Nd6 23. Rae1 Re8 24. Re2 Rhf8 25. b3 Nf5 26. Nxf5 exf5 27. Qxe8+ Rxe8 28. Ne5 Qb5 29. c4 dxc4 30. bxc4 Qa4 31. Rb2 b6 32. c5 Qxd4 33. Rc2 bxc5 34. Rc3 0-1


[Site "https://www.chess.com"]

[Event "Titled Tuesday Blitz February 14 Early 2023"]
[White "Zacurdajev, Dmitry"]
[Black "Ruiz Aguilar, Pablo Alexander"]
[WhiteFideId "4196309"]
[BlackFideId "4401352"]
[WhiteElo "2273"]
[BlackElo "2161"]
[Result "1/2-1/2"]
[Round "08"]
[TimeControl "180+2"]
[Date "2023.02.14"]
[WhiteClock "0:00:07"]
[BlackClock "0:00:05"]

1. d4 d5 2. c4 c6 3. Nc3 Nf6 4. Nf3 e6 5. Bg5 Nbd7 6. e3 Be7 7. Qc2 O-O 8. Rd1 a6 9. c5 b5 10. cxb6 c5 11. Na4 c4 12. b3 Nxb6 13. Nxb6 Qxb6 14. bxc4 Bb4+ 15. Nd2 Ne4 16. Bf4 Nxd2 17. Rxd2 dxc4 18. Bxc4 Bd7 19. O-O Bxd2 20. Qxd2 Bb5 21. Rb1 Rac8 22. Bxb5 axb5 23. a4 b4 24. h4 b3 25. Qb2 Ra8 26. Qxb3 Qxb3 27. Rxb3 Rxa4 28. g3 h6 29. Kg2 Rc8 30. Rb2 h5 31. Kf3 Ra7 32. Kg2 Rd7 33. Kf3 Kh7 34. Kg2 Kg6 35. Kf3 f6 36. Rb6 Kf7 37. Rb5 g6 38. Rb2 Ra8 39. Rc2 Re8 40. Rb2 e5 41. dxe5 fxe5 42. Bg5 e4+ 43. Kg2 Re5 44. Ra2 Ke6 45. Bf4 Rf5 46. Ra6+ Kf7 47. Ra4 Re7 48. Rd4 Rb5 49. Bg5 Re8 50. Rd7+ Kg8 51. Bf6 Re6 52. Rg7+ Kf8 53. Rxg6 Kf7 54. Rg5 Rxg5 55. Bxg5 Kg6 56. Bf4 Kf5 57. f3 exf3+ 58. Kxf3 Re8 59. Bg5 Re4 60. Bf4 Ra4 61. Bg5 Ra2 62. e4+ Ke6 63. Kf4 Rf2+ 64. Ke3 Rg2 65. Bf4 Rg1 66. Kf3 Rf1+ 67. Kg2 Re1 68. Kf3 Ra1 69. Ke3 Ra3+ 70. Kd4 Ra4+ 71. Kd3 Kf6 72. e5+ Kf5 73. Ke3 Rb4 74. Kd3 Ra4 75. Ke3 Re4+ 76. Kd3 Re1 77. Kd4 Rd1+ 78. Kc5 Ke6 79. Kc6 Rd3 80. Kc5 Rc3+ 81. Kd4 Ra3 82. Ke4 Ra4+ 83. Kf3 Kf5 84. Ke3 1/2-1/2


[Site "https://www.chess.com"]

[Event "Titled Tuesday Blitz February 14 Early 2023"]
[White "Abdilkhair, Abilmansur"]
[Black "Cepo, Toni"]
[WhiteFideId "13716417"]
[BlackFideId "4675916"]
[WhiteElo "2268"]
[BlackElo "2145"]
[Result "1-0"]
[Round "08"]
[TimeControl "180+2"]
[Date "2023.02.14"]
[WhiteClock "0:00:06"]
[BlackClock "0:00:06"]

1. d4 Nf6 2. c4 e6 3. Nc3 d5 4. Bg5 Be7 5. e3 c6 6. Nf3 h6 7. Bh4 Nbd7 8. Rc1 O-O 9. a3 b6 10. cxd5 cxd5 11. Bg3 Nh5 12. Ne5 Nxg3 13. Nc6 Qe8 14. hxg3 Bb7 15. Nb5 Bxc6 16. Rxc6 Qd8 17. Qc2 Nb8 18. Rc3 a6 19. Nc7 Ra7 20. e4 Bd6 21. Nxe6 fxe6 22. e5 Be7 23. Qg6 Qe8 24. Qxe6+ Qf7 25. Qxf7+ Kxf7 26. Be2 Bd8 27. Bf3 Rc7 28. Bxd5+ Ke7 29. O-O b5 30. Re3 Nd7 31. f4 Nb6 32. Be4 Nc4 33. Re2 Rd7 34. d5 Bb6+ 35. Kh2 Ne3 36. d6+ Kd8 37. Rfe1 Ng4+ 38. Kh3 Nf2+ 39. Kh2 Ng4+ 40. Kh3 Nf2+ 41. Kh4 g5+ 42. Kh5 gxf4 43. Bc6 Rf5+ 44. Kg6 Rg5+ 45. Kxh6 Rdg7 46. Bf3 fxg3 47. e6 R5g6+ 48. Kh5 Rg5+ 49. Kh6 R5g6+ 50. Kh5 Rg5+ 51. Kh4 Kc8 52. d7+ Kb8 53. e7 Rxe7 54. Kxg5 Bd8 55. Rxe7 Kc7 56. Kg6 Nd3 57. Rf7 Kd6 58. Re8 Ne5+ 59. Rxe5 Kxe5 60. Bg4 Kd6 61. Bh3 Kc7 62. Rf8 Be7 63. Re8 Bd8 64. Kf5 a5 65. Kf4 b4 66. Kxg3 bxa3 67. bxa3 a4 68. Bf5 Kd6 69. Rxd8 1-0


[Site "https://www.chess.com"]

[Event "Titled Tuesday Blitz February 14 Early 2023"]
[White "Jimenez, Joaquin"]
[Black "Gatterer, Florian"]
[WhiteFideId "109860"]
[BlackFideId "811688"]
[WhiteElo "2195"]
[BlackElo "2170"]
[Result "1/2-1/2"]
[Round "08"]
[TimeControl "180+2"]
[Date "2023.02.14"]
[WhiteClock "0:00:25"]
[BlackClock "0:00:07"]

1. e4 e5 2. Nf3 Nc6 3. Bb5 a6 4. Ba4 Nf6 5. O-O b5 6. Bb3 Be7 7. Re1 d6 8. c3 O-O 9. h3 Nb8 10. d4 Nbd7 11. Nbd2 Bb7 12. Bc2 Re8 13. Nf1 exd4 14. cxd4 c5 15. d5 Bf8 16. Ng3 g6 17. a4 Bg7 18. Be3 Ne5 19. Nxe5 Rxe5 20. Qd2 Nd7 21. Bd3 c4 22. Bc2 Re8 23. f4 Nc5 24. Bxc5 dxc5 25. axb5 axb5 26. Rxa8 Qxa8 27. Bb1 Bd4+ 28. Kh1 b4 29. Rc1 c3 30. bxc3 bxc3 31. Rxc3 Bxc3 32. Qxc3 Qa4 33. Kh2 Qb4 34. Qa1 Ra8 35. Qf6 Qxb1 36. Nh5 gxh5 37. Qg5+ Kf8 38. Qh6+ Ke8 39. Qxh7 Qb2 40. e5 Bxd5 41. Qh8+ Kd7 42. Qf6 Ra2 43. Qd6+ Ke8 44. Qxd5 Qd2 45. Qc6+ Kf8 46. Qh6+ Ke8 47. Qc6+ Kf8 48. Qh6+ Ke7 49. Qf6+ Ke8 50. Qc6+ 1/2-1/2


[Site "https://www.chess.com"]

[Event "Titled Tuesday Blitz February 14 Early 2023"]
[White "Prudnykova, Olga"]
[Black "Shubenkova, Veronika"]
[WhiteFideId "14121093"]
[BlackFideId "44124040"]
[WhiteElo "2268"]
[BlackElo "1960"]
[Result "1/2-1/2"]
[Round "08"]
[TimeControl "180+2"]
[Date "2023.02.14"]
[WhiteClock "0:00:23"]
[BlackClock "0:00:06"]

1. e4 e6 2. d4 d5 3. Nc3 Nf6 4. e5 Nfd7 5. Qh5 Be7 6. Nf3 g6 7. Qh3 a6 8. Bh6 Rg8 9. Qg3 c5 10. dxc5 Nxc5 11. O-O-O Nc6 12. h4 Qa5 13. Bg5 Bd7 14. Bxe7 Nxe7 15. Ng5 Nf5 16. Qf3 O-O-O 17. g4 d4 18. Nce4 Bc6 19. Kb1 Rd7 20. Rh3 Nxe4 21. Nxe4 Ne7 22. Bd3 Bd5 23. a3 Nc6 24. Qf4 Qb6 25. Nd6+ Rxd6 26. exd6 f5 27. gxf5 gxf5 28. Qh6 Rd8 29. Qxh7 Ne5 30. Qc7+ Qxc7 31. dxc7 Kxc7 32. h5 Nxd3 33. cxd3 e5 34. h6 e4 35. Rh5 exd3 36. Rxf5 Be4 37. Rf7+ Kd6 38. f3 Bd5 39. Rxd3 Bxf7 40. Rxd4+ Ke7 41. Rxd8 Kxd8 42. Kc2 Bg6+ 43. Kc3 Ke7 44. Kd4 Kd6 45. f4 Bb1 46. b4 Bg6 47. Kc4 Bh7 48. Kd4 Bb1 49. Kc4 b6 50. Kd4 Bf5 51. a4 Bh7 52. a5 bxa5 53. bxa5 Bb1 54. Kc4 Bf5 55. Kd4 Bh7 56. Kc4 Bb1 57. Kd4 Bf5 58. Kc4 Bh7 1/2-1/2


[Site "https://www.chess.com"]

[Event "Titled Tuesday Blitz February 14 Early 2023"]
[White "Carrasco Miranda, Andres"]
[Black "Alahakoon, Isuru"]
[WhiteFideId "3405990"]
[BlackFideId "9900993"]
[WhiteElo "2240"]
[BlackElo "1819"]
[Result "0-1"]
[Round "08"]
[TimeControl "180+2"]
[Date "2023.02.14"]
[WhiteClock "0:00:34"]
[BlackClock "0:00:44"]

1. d4 d5 2. c4 e6 3. Nf3 Nf6 4. g3 Bb4+ 5. Nbd2 dxc4 6. Bg2 b5 7. O-O Bb7 8. a4 a6 9. Qc2 O-O 10. e4 Nbd7 11. e5 Nd5 12. Ne4 h6 13. h4 Be7 14. Bd2 Nb4 15. Bxb4 Bxb4 16. Rfd1 Nb6 17. Nc5 Bxc5 18. dxc5 Nd5 19. axb5 axb5 20. Rxa8 Qxa8 21. Rd4 Nb4 22. Qe2 Nd3 23. Rd7 Nxe5 24. Nxe5 Bxg2 25. f3 Bh3 26. g4 f5 27. Ng6 fxg4 28. Qxe6+ Kh7 29. Qe4 Qa1+ 30. Kh2 Qxb2+ 0-1


[Site "https://www.chess.com"]

[Event "Titled Tuesday Blitz February 14 Early 2023"]
[White "Lauridsen, Jesper Morch"]
[Black "Colbow, Collin"]
[WhiteFideId "1401890"]
[BlackFideId "16201132"]
[WhiteElo "2309"]
[BlackElo "2408"]
[Result "0-1"]
[Round "08"]
[TimeControl "180+2"]
[Date "2023.02.14"]
[WhiteClock "0:00:11"]
[BlackClock "0:02:05"]

1. e4 e5 2. f4 exf4 3. Nf3 Ne7 4. d4 d5 5. Nc3 dxe4 6. Nxe4 Ng6 7. Bc4 Be7 8. O-O O-O 9. c3 Bf5 10. Nf2 c5 11. Kh1 Nc6 12. dxc5 Qxd1 13. Rxd1 Bxc5 14. Nd3 Rad8 15. Nfe1 Nce5 16. b3 Nxc4 17. bxc4 Ne5 18. Nb2 Ng4 19. Rxd8 Rxd8 20. h3 Nf2+ 21. Kh2 g5 22. h4 h6 23. hxg5 hxg5 24. Nf3 f6 25. Na4 Ng4+ 26. Kh1 Rd1+ 27. Ng1 Rxg1# 0-1


[Site "https://www.chess.com"]

[Event "Titled Tuesday Blitz February 14 Early 2023"]
[White "Llanos, Guillermo"]
[Black "Gonzalez, Francisco Silva"]
[WhiteFideId "100358"]
[BlackFideId "1512285"]
[WhiteElo "2290"]
[BlackElo "2021"]
[Result "0-1"]
[Round "08"]
[TimeControl "180+2"]
[Date "2023.02.14"]
[WhiteClock "0:00:02"]
[BlackClock "0:00:35"]

1. d4 Nf6 2. c4 e6 3. Nc3 Bb4 4. Qc2 d6 5. e4 c5 6. a3 cxd4 7. axb4 dxc3 8. bxc3 a5 9. Bb2 O-O 10. Bd3 b6 11. Nf3 Bb7 12. O-O Nbd7 13. Ng5 h6 14. Nh3 Qc7 15. f3 Ne5 16. Qe2 Ba6 17. b5 Bb7 18. Ra4 Rfc8 19. Nf2 Ned7 20. Ba3 Nc5 21. Bxc5 Qxc5 22. Re1 Re8 23. Qe3 Qc7 24. e5 Nd7 25. exd6 Qxd6 26. Ne4 Qc7 27. Rd1 Rad8 28. Nd6 Re7 29. Nxb7 Qxb7 30. Be4 Qb8 31. Ra2 Nc5 32. Rad2 Red7 33. Rd4 e5 34. Rd5 Qc7 35. Bf5 Rxd5 36. Rxd5 f6 37. Qd2 Re8 38. Rd6 Nb3 39. Qd5+ Kf8 40. Bg6 a4 41. Rc6 Qe7 42. Bxe8 Qxe8 43. Qd6+ Kf7 44. Rc7+ Kg6 45. Qxb6 a3 46. Qa7 Qf8 47. Re7 a2 48. Rxg7+ Qxg7 49. Qxa2 Nc5 50. b6 Qd7 51. Qc2+ f5 52. g4 h5 53. gxf5+ Kf6 0-1


[Site "https://www.chess.com"]

[Event "Titled Tuesday Blitz February 14 Early 2023"]
[White "Zaichenko, Daria"]
[Black "Prieto Aranguren, Alain"]
[WhiteFideId "4197453"]
[BlackFideId "2268906"]
[WhiteElo "2104"]
[BlackElo "2258"]
[Result "1-0"]
[Round "08"]
[TimeControl "180+2"]
[Date "2023.02.14"]
[WhiteClock "0:00:10"]
[BlackClock "0:00:38"]

1. e4 c6 2. d4 d5 3. Nc3 a6 4. f4 dxe4 5. Nxe4 Nf6 6. Nxf6+ exf6 7. Nf3 Bd6 8. Bd3 O-O 9. O-O a5 10. c3 Na6 11. Qc2 g6 12. f5 Nc7 13. fxg6 fxg6 14. Bxg6 Qe7 15. Bf5 Qg7 16. Nh4 Nd5 17. Bd2 Qc7 18. h3 Bg3 19. Nf3 Nf4 20. Bxf4 Bxf4 21. Rae1 Bg3 22. Re2 b6 23. Qe4 Ba6 24. Qg4+ Qg7 25. Qxg7+ Kxg7 26. Re7+ Rf7 27. Rxf7+ Kxf7 28. Rd1 h5 29. Be4 Rc8 30. d5 cxd5 31. Bxd5+ Kg6 32. c4 h4 33. b3 Re8 34. Nd4 Bc8 35. Kf1 a4 36. Nf3 axb3 37. axb3 Bf5 38. Rd4 Bc2 39. Nxh4+ Kh5 40. Nf3 Bxb3 41. Bf7+ Kh6 42. Bxe8 1-0


[Site "https://www.chess.com"]